 Dungeon Crawl Stone Soup version 0.29-a0-1009-g60c99734e7 (webtiles) character file.

Game seed: 4305112071138411231

5641 siradein the Shield-Bearer (level 10, -3/56 HPs)
             Began as a Vine Stalker Fighter on Aug 8, 2022.
             Was a High Priest of the Shining One.
             Killed by divine providence
             ... invoked by an orc priest
              (10 damage)
             ... on level 8 of the Dungeon.
             The game lasted 00:15:15 (5648 turns).

siradein the Shield-Bearer (Vine Stalker Fighter)   Turns: 5648, Time: 00:15:15

Health: -3/56      AC: 17    Str: 20    XL:     10   Next: 74%
Magic:  0/11       EV:  7    Int:  8    God:    the Shining One [*****.]
Gold:   192        SH:  7    Dex: 23    Spells: 9/9 levels left

rFire   . . .      SeeInvis .   a - +0 long sword
rCold   + . .      Faith    .   c - +0 buckler
rNeg    + + .      Spirit   +   F - +0 storm dragon scales
rPois   .          Reflect  .   e - +0 helmet
rElec   +          Harm     .   y - +0 cloak
rCorr   .          Rampage  .   (no gloves)
Will    +....                   g - +0 pair of boots
Stlth   ..........              (no amulet)
HPRegen 0.98/turn               w - +6 ring of dexterity
MPRegen 0.12/turn               u - ring of protection from cold

@: glowing
A: fangs 3, regeneration 1, magic shield, antimagic bite, no potion heal 2
a: Renounce Religion, Divine Shield, Cleansing Flame, Summon Divine Warrior


You were on level 8 of the Dungeon.
You worshipped the Shining One.
The Shining One was extremely pleased with you.
You visited 1 branch of the dungeon, and saw 8 of its levels.
You also visited: Bailey.

You collected 367 gold pieces.
You spent 175 gold pieces at shops.

Inventory:

Hand Weapons
 a - a +0 long sword (weapon)
 j - the +5 war axe of the Beast {vorpal, rC+}
   (You found it on level 2 of the Dungeon)

   It inflicts extra damage upon your enemies.
   rC:        It protects you from cold.
 A - the +8 sling of the Water Diviner {freeze, Drain rPois rC++ Will+}
   (You found it in a bailey)

   Any ammunition fired from it freezes those it strikes, dealing additional
   cold damage.
   It can also slow down cold-blooded creatures.
   rC:        It greatly protects you from cold.
   rPois:     It protects you from poison.
   Drain:     It drains your maximum health when unequipped.
   Will:      It increases your willpower.
Missiles
 x - 3 boomerangs (quivered)
Armour
 c - a +0 buckler (worn)
 e - a +0 helmet (worn)
 g - a +0 pair of boots (worn)
 v - a +1 chain mail of poison resistance
 y - a +0 cloak (worn)
 F - +0 storm dragon scales (worn)
Jewellery
 k - a +6 ring of intelligence
 s - a ring of wizardry
 u - a ring of protection from cold (right hand)
 w - a +6 ring of dexterity (left hand)
Wands
 B - a wand of polymorph (7)
 C - a wand of paralysis (11)
Scrolls
 f - a scroll of poison {unknown}
 n - 3 scrolls of teleportation
 o - 2 scrolls of immolation
 E - a scroll of magic mapping {unknown}
Potions
 d - 4 potions of might
 h - 4 potions of curing
 i - 3 potions of heal wounds {unknown}
 l - a potion of brilliance {unknown}
 m - 2 potions of haste {unknown}
 p - 2 potions of resistance {unknown}
 q - 3 potions of mutation {unknown}
 r - a potion of cancellation {unknown}
 t - 2 potions of lignification {unknown}
 z - a potion of magic {unknown}
 D - a potion of flight {unknown}


   Skills:
 + Level 7.7 Fighting
 + Level 7.4 Long Blades
 + Level 7.0 Armour
 + Level 7.8 Shields


You had 9 spell levels left.
You didn't know any spells.
Your spell library contained the following spells:

 Spells                   Type           Power      Damage    Failure   Level
 Beastly Appendage        Tmut           0%         N/A       99%         1
 Magic Dart               Conj           0%         1d3       99%         1
 Searing Ray              Conj           0%         2d4       100%        2
 Static Discharge         Conj/Air       0%         3-3/arc   100%        2
 Wereblood                Tmut           0%         N/A       100%        2
 Ignite Poison            Fire/Tmut/Pois 0%         N/A       100%        3
 Mephitic Cloud           Conj/Pois/Air  0%         N/A       100%        3
 Spider Form              Tmut/Pois      0%         N/A       100%        3
 Airstrike                Air            0%         2d(0-16)  100%        4
 Fulminant Prism          Conj/Hex       0%         3d6       100%        4
 Summon Lightning Spire   Summ/Air       0%         N/A       100%        4
 Freezing Cloud           Conj/Ice/Air   0%         6-21      100%        5
 Lightning Bolt           Conj/Air       0%         1d11      100%        5
 Maxwell's Capacitive Co  Air            0%         ∞         100%        8


Dungeon Overview and Level Annotations

Branches:
Dungeon (8/15)             Temple (0/1) D:4          Bailey (visited)
   Lair: D:8-11

Altars:
Ashenzari
Cheibriados
Gozag
Makhleb
Sif Muna
The Shining One

Shops:
D:1 =   D:5 *   D:6 =


Innate Abilities, Weirdness & Mutations

You have razor-sharp teeth.
Your natural rate of healing is unusually fast.
When hurt, damage is shared between your health and your magic reserves.
Your bite disrupts and absorbs the magic of your enemies.
Potions cannot restore your health.


Message History

You are too injured to fight recklessly!
You are too injured to fight recklessly!
You are too injured to fight recklessly!
You slash the wyvern! You bite the wyvern.
You kill the wyvern!
The orc priest calls down the wrath of Beogh upon you.
Beogh smites you!
* * * LOW HITPOINT WARNING * * *
The orc shouts!
The orc priest closely misses you.
You barely miss the orc priest. You bite the orc priest.
You kill the orc priest!
The Shining One accepts your kill.
You feel better.
The orc priest invokes the aid of Beogh against you.
Beogh smites you!
* * * LOW HITPOINT WARNING * * *
The orc barely misses you.
You slash the orc!
You kill the orc!
You hit the orc. You bite the orc. You drain its power.
You feel invigorated.
The orc is severely wounded.
The orc barely misses you.
You completely miss the orc. You bite the orc, but do no damage.
The orc is severely wounded.
The orc closely misses you.
The orc priest invokes the aid of Beogh against you.
Beogh smites you!
* * * LOW HITPOINT WARNING * * *
You hit the orc but do no damage.
The orc is severely wounded.
The orc hits you with a +0 mace.
* * * LOW HITPOINT WARNING * * *
The orc priest looks braver for a moment.
Unknown command.
You slash the orc!
You kill the orc!
The orc priest calls down the wrath of Beogh upon you.
Beogh smites you!
You die...

..# #........ ..
#........ #. #........
#.# #........ .## #..
#........ ...###.##
#........
........########........
≈≈.≈≈≈≈....)..@)o.......
......≈.########........
#####.≈.# #........ ..
#.≈.## ###+#####
._.#.≈..# #.....≈..##
#####.≈...# ...§§≈...##
≈≈≈§§≈....#


You could see an orc priest.

Vanquished Creatures
  Joseph (D:7)
  A gargoyle (Bailey)
  A hornet (D:7)
  Grinder (D:5)
  A wraith (D:8)
  Sigmund (D:5)
  A vampire (Bailey)
  A wyvern (D:8)
  Eustachio (D:5)
  Edmund (D:5)
  4 water moccasins
  An ice beast (D:6)
  A hornet zombie (D:7)
  2 orc warriors
  A sky beast (D:6)
  A black bear (D:5)
  3 ogres
  A centaur (D:5)
  A phantom (D:5)
  Blork the orc (D:5)
  2 bullfrogs (D:7)
  A wyvern zombie (D:7)
  2 necrophages (D:5)
  3 scorpions
  7 wights
  2 water moccasin zombies (D:7)
  7 vampire bats (Bailey)
  2 howler monkeys
  3 wolf zombies (Bailey)
  A centaur zombie (D:7)
  A bullfrog zombie (D:7)
  2 hounds
  6 orc priests
  3 jellies
  5 iguanas
  4 orc wizards
  A killer bee zombie (D:7)
  6 adders
  4 gnolls (D:4)
  2 shadow imps
  A white imp (D:5)
  An ufetubus (D:5)
  2 worms (D:4)
  5 dart slugs
  15 orcs
  9 endoplasms
  4 giant cockroaches
  11 goblins
  8 hobgoblins
  4 jackals
  8 kobolds
  4 quokkas
  6 ball pythons
  8 bats
  4 frilled lizards
  20 orc zombies (Bailey)
  3 rats
203 creatures vanquished.

Vanquished Creatures (others)
  19 plants
  4 withered plants (D:7)
23 creatures vanquished.

Grand Total: 226 creatures vanquished

Notes
Turn   | Place    | Note
-------+----------+-------------------------------------------
     0 | D:1      | siradein the Vine Stalker Fighter began the quest for the
                  | Orb.
     0 | D:1      | Reached XP level 1. HP: 11/11 MP: 2/2
    34 | D:1      | Reached XP level 2. HP: 8/16 MP: 3/3
   176 | D:1      | Found a faded altar of an unknown god.
   211 | D:1      | Prayed at the altar of an unknown god.
   211 | D:1      | Became a worshipper of the Shining One
   211 | D:1      | Reached * piety under the Shining One
   397 | D:1      | Found Nanuh's Jewellery Boutique.
   586 | D:1      | Reached XP level 3. HP: 19/19 MP: 4/4
  1007 | D:2      | Identified the +5 war axe of the Beast {vorpal, rC+}
  1554 | D:3      | Gained mutation: Your natural rate of healing is unusually
                  | fast. [Vine Stalker growth]
  1554 | D:3      | Reached XP level 4. HP: 24/24 MP: 5/5
  1789 | D:3      | Found a snail-covered altar of Cheibriados.
  1793 | D:3      | Found a broken altar of Ashenzari.
  2017 | D:4      | Found a staircase to the Ecumenical Temple.
  2069 | D:4      | Noticed a scorpion
  2069 | D:4      | Reached ** piety under the Shining One
  2074 | D:4      | Reached XP level 5. HP: 28/28 MP: 6/6
  2102 | D:4      | Reached XP level 6. HP: 4/33 MP: 0/7
  2518 | D:5      | Entered Level 5 of the Dungeon
  2518 | D:5      | Noticed Sigmund
  2518 | D:5      | Noticed Blork the orc
  2554 | D:5      | Reached XP level 7. HP: 32/37 MP: 6/8
  2586 | D:5      | Found a shimmering blue altar of Sif Muna.
  2618 | D:5      | Noticed Grinder
  2631 | D:5      | Killed Grinder
  2684 | D:5      | Noticed Eustachio
  2689 | D:5      | Killed Eustachio
  2690 | D:5      | Gained mutation: You have razor-sharp teeth. [Vine Stalker
                  | growth]
  2690 | D:5      | Reached XP level 8. HP: 19/42 MP: 7/9
  2759 | D:5      | Noticed Edmund
  2769 | D:5      | Killed Edmund
  2770 | D:5      | Reached skill level 5 in Fighting
  2770 | D:5      | Reached skill level 5 in Shields
  2808 | D:5      | Killed Sigmund
  2930 | D:5      | Killed Blork the orc
  2931 | D:5      | Reached skill level 5 in Long Blades
  3002 | D:5      | Reached skill level 5 in Armour
  3029 | D:5      | Found an opulent altar of Gozag.
  3040 | D:5      | Reached *** piety under the Shining One
  3072 | D:5      | Found Vasuy's Serpentskin Sales.
  3079 | D:5      | Reached XP level 9. HP: 27/48 MP: 4/10
  3117 | D:5      | Bought a +1 chain mail of poison resistance for 175 gold
                  | pieces
  3271 | D:6      | Identified the +3 leather armour "Put-Me-On" {rN+ Will+
                  | Int+4}
  3511 | D:6      | Found Lebbin's Jewellery Boutique.
  3985 | D:7      | Noticed Joseph
  3999 | D:7      | Killed Joseph
  4130 | D:7      | Found a flagged portal.
  4136 | Bailey   | Entered a bailey
  4236 | Bailey   | Reached **** piety under the Shining One
  4242 | Bailey   | Noticed a gargoyle
  4255 | Bailey   | Killed a gargoyle
  4315 | Bailey   | Reached XP level 10. HP: 39/53 MP: 11/11
  4337 | Bailey   | Identified the +8 sling of the Water Diviner {freeze, Drain
                  | rPois rC++ Will+}
  4453 | Bailey   | Reached ***** piety under the Shining One
  5591 | D:8      | Found a burning altar of Makhleb.
  5648 | D:8      | Killed from afar by an orc priest

Illustrated notes

Levels and vault maps discovered:
D:1:      eino_arrival_druids_welcome, layout_rooms, serial_shops, shop_statue,
          ebering_ecumenical_altar_webs, minivault_5
D:2:      layout_basic, chequers_arboretum
D:3:      layout_rooms, minitemple
D:4:      layout_rooms, temple_statues
D:5:      layout_loops_ring, mainiacjoe_overflow_catwalk,
          nicolae_sif_muna_condensation, guppyfry_shop_venom, uniq_grinder,
          uniq_sigmund, uniq_edmund, uniq_blork_the_orc, uniq_eustachio
D:6:      layout_loops_cross, serial_shops, nicolae_take_the_stairs
D:7:      layout_basic, enter_bailey_3, serial_undead, serial_undead_e,
          serial_undead_b, serial_undead_d, serial_undead_c, serial_undead_b,
          uniq_joseph
D:8:      layout_basic, mainiacjoe_overflow_brackets,
          nicolae_hepliaklqana_hazy_memory

Skill      XL: |  1  2  3  4  5  6  7  8  9 10 |
---------------+-------------------------------+-----
Long Blades    | 2 3 4 5 6 7 |  7.4
Shields        | 3 4 5 6 7 |  7.8
Fighting       | 3 4 5 6 7 |  7.7
Armour         | 3 4 5 6 7 |  7.0

Action                   |  1- 3 |  4- 6 |  7- 9 | 10-12 || total
-------------------------+-------+-------+-------+-------++-------
Melee: Long sword        |    56 |       |   142 |   177 ||   375
       Bite              |     5 |    15 |    85 |    78 ||   183
       War axe           |    26 |    54 |    66 |       ||   146
Invok: Divine Shield     |       |       |     1 |       ||     1
  Use: Scroll            |       |     4 |     1 |       ||     5
Armor: Scale mail        |    36 |    20 |    30 |       ||    86
       Chain mail        |       |       |    72 |    66 ||   138
       Storm dragon scal |       |       |       |    13 ||    13
Dodge: Dodged            |    45 |    27 |    77 |    65 ||   214
Block: Buckler           |    12 |    14 |    74 |    51 ||   151

Table legend: (Time is in decaauts)
 A = Elapsed time spent in this place.
 B = Non-inter-level travel time spent in this place.
 C = Inter-level travel time spent in this place.
 D = Time resting spent in this place.
 E = Time spent auto-exploring this place.
 F = Levels seen in this place.
 G = Mean time per level.
                   A        B        C        D        E       F      G
               +--------+--------+--------+--------+--------+-----+--------+
         Total |   5783 |   5474 |    309 |      0 |   4040 |   9 |  642.6 |
       Dungeon |   5367 |   5058 |    309 |      0 |   3835 |   8 |  670.9 |
        Bailey |    416 |    416 |      0 |      0 |    205 |   1 |  416.0 |
               +--------+--------+--------+--------+--------+-----+--------+

Top non-repeatable levels by time:
     D:1: 1013 daAuts
     D:7: 900 daAuts
     D:6: 764 daAuts
     D:5: 752 daAuts
     D:2: 570 daAuts
     D:4: 535 daAuts
     D:3: 477 daAuts
  Bailey: 416 daAuts
     D:8: 353 daAuts
